 Dungeon Crawl Stone Soup version 0.18-a0-884-gb6cfd45 (webtiles) character file.

29 Jmtri7 the Cudgeler (level 3, 0/37 HPs)
             Began as an Ogre Skald on Dec 23, 2015.
             Slain by a worm (3 damage)
             ... on level 3 of the Dungeon.
             The game lasted 00:06:07 (1080 turns).

Jmtri7 the Cudgeler (Ogre Skald)                    Turns: 1080, Time: 00:06:07

Health: 0/37       AC:  3    Str: 17    XL:     3   Next: 16%
Magic:  0/6        EV: 10    Int: 11    God:
Gold:   28         SH:  0    Dex: 10    Spells: 2 memorised, 4 levels left

rFire  . . .     SeeInvis .     a - +0 mace
rCold  . . .     Gourm    .     e - +0 robe
rNeg   . . .     Faith    .     (no shield)
rPois  .         Spirit   .     (helmet restricted)
rElec  .         Dismiss  .     (no cloak)
rCorr  .         Reflect  .     (gloves unavailable)
SustAt .         Harm     .     (boots unavailable)
MR     .....                    (no amulet)
Stlth  +.........               (no ring)
                                (no ring)

@: infused (expiring), singing, not resistant to hostile enchantments, very
unstealthy
A: unfitting armour, tough skin 1
a: Stop Singing


You were on level 3 of the Dungeon.
You were very hungry.

You visited 1 branch of the dungeon, and saw 4 of its levels.

You collected 28 gold pieces.

Inventory:

Hand Weapons
 a - a +0 mace (weapon)
 b - a +0 dagger of protection
Armour
 e - a +0 robe (worn)
Potions
 f - a potion of flight {unknown}
Books
 c - a book of Battle

   Spells                             Type                      Level
   a - Infusion                       Charms                       1
   b - Shroud of Golubria             Charms/Translocation         2
   c - Song of Slaying                Charms                       2
   d - Spectral Weapon                Hexes/Charms                 3
   e - Regeneration                   Charms/Necromancy            3
Comestibles
 d - a bread ration
 g - a meat ration


   Skills:
 + Level 3.1 Fighting
 + Level 3.1 Maces & Flails
 + Level 1.8 Dodging
 + Level 2.5 Spellcasting
 + Level 2.5 Charms


You had 4 spell levels left.
You knew the following spells:

 Your Spells              Type           Power        Failure   Level  Hunger
a - Infusion              Chrm           #.....       12%         1    ##.....
b - Song of Slaying       Chrm           #.......     17%         2    ###....


Dungeon Overview and Level Annotations

Branches:
Dungeon (4/15)
 Temple: D:4-7

Altars:

Annotations:
D:3 Ijyb


Innate Abilities, Weirdness & Mutations

You are too large for most types of armour.
You have tough skin (AC +1).


Message History

Your magical infusion is running out.
You are feeling very hungry.
The worm barely misses you. Ijyb closely misses you.
The giant newt barely misses you.
You sock the giant newt!
You kill the giant newt!
The worm bites you.
* * * LOW HITPOINT WARNING * * *
Ijyb barely misses you.
You miss Ijyb. Ijyb hits you with a club.
* * * LOW HITPOINT WARNING * * *
The worm bites you.
* * * LOW HITPOINT WARNING * * *
You hit Ijyb.
Ijyb is moderately wounded.
Ijyb barely misses you.
You closely miss Ijyb.
Ijyb is moderately wounded.
Ijyb hits you but does no damage. The worm bites you.
You die...

### # #. #.# ##########
#####.####.## #.........
..?....#....# ##########
.......#...>###### #.
.......#.........######.
.......#................
......g##...............
......†@...............#
......w....#...........#
...........#............
......####..........÷...
...... ...#....##......
...... ..........+......
..... ....#....##...##.
..... ..........#.#....
#........#.#....


You could see Ijyb and a worm.

Vanquished Creatures
  A worm (D:2)
  2 giant geckos
  6 bats
  2 goblins (D:1)
  A hobgoblin (D:3)
  2 kobolds
  2 quokkas
  A ball python (D:1)
  3 giant newts
  3 rats
23 creatures vanquished.

Notes
Turn   | Place    | Note
--------------------------------------------------------------
     0 | D:1      | Jmtri7 the Ogre Skald began the quest for the Orb.
     0 | D:1      | Reached XP level 1. HP: 22/22 MP: 3/3
   258 | D:1      | Reached skill level 3 in Maces & Flails
   258 | D:1      | Reached XP level 2. HP: 22/29 MP: 2/5
   458 | D:2      | Learned a level 2 spell: Song of Slaying
   736 | D:3      | Reached XP level 3. HP: 32/37 MP: 3/6
   770 | D:4      | Noticed a phantom
  1069 | D:3      | Noticed Ijyb
  1080 | D:3      | Slain by a worm

Vault maps used:
D:1:      nagdon_arrival_double_spiral, serial_curves, eino_curves_01,
          eino_curves_03
D:2:      serial_glass, glass_columns_a, glass_columns_a, dk_noncrumbling_2
D:3:      ecumenical_altar_2, uniq_iyjb
D:4:      lightli_temple_of_fire, kennysheep_mini,
          gammafunk_temple_overflow_forgotten, first_bread

Action                   || total
-------------------------++-------
Melee: Mace              ||    68
 Cast: Infusion          ||     9
       Song of Slaying   ||     3
